 Dungeon Crawl Stone Soup version 0.29.1-13-g9f3cf754e1 (webtiles) character file.

Game seed: 17274935701876969292

3330 cheesebisquit the Geomancer (level 10, -3/50 HPs)
             Began as a Gargoyle Earth Elementalist on Jan 25, 2023.
             Shot with a sling bullet by Joseph (18 damage)
             ... on level 7 of the Dungeon.
             The game lasted 00:34:55 (11068 turns).

cheesebisquit the Geomancer (GrEE)                 Turns: 11068, Time: 00:34:55

Health: -3/50      AC: 16    Str: 12    XL:     10   Next: 2%
Magic:  27/29      EV: 11    Int: 20    God:
Gold:   537        SH:  0    Dex: 10    Spells: 18/22 levels left

rFire   . . .      SeeInvis .   M - +3 dire flail (freeze)
rCold   . . .      Faith    .   (shield currently unavailable)
rNeg    + . .      Spirit   .   q - +0 steam dragon scales
rPois   ∞          Reflect  .   g - +1 helmet
rElec   +          Harm     .   p - +0 cloak
rCorr   .          Rampage  .   (no gloves)
Will    .....                   i - +0 pair of boots
Stlth   ++........              (no amulet)
HPRegen 0.16/turn               w - ring of magical power
MPRegen 0.21/turn               (no ring)

@: no status effects
A: sickness immunity, AC +7, negative energy resistance 1, electricity
resistance, torment resistance 1, petrification resistance
a: no special abilities


You were on level 7 of the Dungeon.
You visited 1 branch of the dungeon, and saw 7 of its levels.
You also visited: Ossuary.

You collected 537 gold pieces.

Inventory:

Hand Weapons
 h - a +1 flail of protection
 M - a +3 dire flail of freezing (weapon)
Missiles
 A - a boomerang
 C - 8 poisoned darts
 G - a curare-tipped dart
Armour
 a - a +0 robe
 g - a +1 helmet (worn)
 i - a +0 pair of boots (worn)
 p - a +0 cloak (worn)
 q - +0 steam dragon scales (worn)
 r - a scarf of shadows
Magical Staves
 c - a staff of fire
 s - a staff of cold
Jewellery
 f - a ring of wizardry
 w - a ring of magical power (left hand)
Wands
 n - a wand of charming (13)
 x - a wand of roots (2)
Scrolls
 e - a scroll of magic mapping {unknown}
 l - 2 scrolls of summoning
 o - 3 scrolls of vulnerability
 t - 4 scrolls of blinking
 y - a scroll of brand weapon
 B - 3 scrolls of teleportation
 D - 2 scrolls of amnesia {unknown}
 F - 2 scrolls of poison {unknown}
 H - 3 scrolls of identify
 L - a scroll of immolation {unknown}
Potions
 b - a potion of magic
 j - a potion of flight
 k - 3 potions of attraction
 m - a potion of lignification
 u - 2 potions of curing
 v - 3 potions of mutation
 z - a potion of berserk rage
 E - 3 potions of might {unknown}
 I - a potion of brilliance
 J - a potion of degeneration {unknown}
 K - 2 potions of invisibility {unknown}


   Skills:
 + Level 6.5 Maces & Flails
 - Level 1.5 Dodging
 - Level 2.1 Stealth
 + Level 6.7 Spellcasting
 + Level 7.2 Conjurations
 - Level 0.7 Transmutations
 + Level 9.3 Earth Magic


You had 18 spell levels left.
You knew the following spells:

 Your Spells              Type           Power      Damage    Failure   Level
a - Sandblast             Erth           88%        2d18      1%          1
b - Stone Arrow           Conj/Erth      80%        3d12      1%          3

Your spell library contained the following spells:

 Spells                   Type           Power      Damage    Failure   Level
 Passwall                 Tmut/Erth      21%        N/A       1%          2
 Sting                    Tmut/Pois      32%        1d4       9%          1
 Wereblood                Tmut           9%         N/A       11%         2
 Petrify                  Tmut/Erth      26%        N/A       12%         4
 Poisonous Vapours        Pois/Air       12%        N/A       14%         2
 Hailstorm                Conj/Ice       21%        3d6       22%         4
 Ice Form                 Ice/Tmut       8%         N/A       63%         4
 Corpse Rot               Necr/Pois/Air  6%         N/A       67%         4
 Dispel Undead            Necr           6%         3d8       67%         4
 Olgreb's Toxic Radiance  Pois           6%         N/A       67%         4
 Death Channel            Necr           3%         N/A       100%        6
 Simulacrum               Ice/Necr       3%         N/A       100%        6
 Summon Hydra             Summ           3%         N/A       100%        7
 Sublimation of Blood     Necr           Unusable   N/A       N/A         2

Dungeon Overview and Level Annotations

Branches:
Dungeon (7/15)             Temple (0/1) D:7         Ossuary (visited)

Altars:
Dithmenos
Fedhas
Gozag
Kikubaaqudgha
Nemelex Xobeh
Qazlal
Ru
Trog
Zin

Shops:
D:3 :

Annotations:
D:3 3 runed translucent doors, AverageBear's ghost, amateur FoFi
D:4 2 runed translucent doors, TehGamerNoob's ghost, amateur TrGl
D:7 Joseph


Innate Abilities, Weirdness & Mutations

You are immune to sickness and miasma.
Your stone body is resilient. (AC +7)
You are immune to poison.
You resist negative energy. (rN+)
You are resistant to electric shocks. (rElec)
You are resistant to unholy torment.
You are immune to petrification.


Message History

M - a +3 dire flail of freezing (weapon)
Things that are here:
a +0 short sword; a +0 robe
Things that are here:
a +2 halberd; a +0 robe HP restored.
Things that are here:
a +2 halberd; a +0 robe You see here a +0 robe.
You start waiting.
Done waiting.
A sky beast comes into view.
The blast of sand hits the sky beast!
The sky beast is heavily wounded.
The blast of sand hits the sky beast!
You kill the sky beast!
You have reached level 10!
Magic restored.
Joseph shoots a sling bullet.
The sling bullet hits you.
Joseph tries to grin evilly.
Joseph shoots a sling bullet.
The sling bullet closely misses you.
The blast of sand hits Joseph.
Joseph is lightly wounded.
Joseph shoots a sling bullet.
The sling bullet hits you!
Joseph shoots a sling bullet.
The sling bullet hits you but does no damage.
The blast of sand hits Joseph!
Joseph is lightly wounded.
Joseph says, "You must be punished!
Or...
I want to punish you!"
Joseph shoots a sling bullet.
The sling bullet barely misses you.
The blast of sand hits Joseph!!
Joseph is heavily wounded.
Joseph shoots a sling bullet.
The sling bullet barely misses you.
Joseph shoots a sling bullet.
The sling bullet hits you!
* * * LOW HITPOINT WARNING * * *
Okay, then.
As you read the scroll of fog, it crumbles to dust.
The scroll dissolves into smoke.
Joseph shoots a sling bullet.
The sling bullet hits you!!
You die...

#.........†.........^........
#........##.....#.....#.###.#
##......#.##..###...###.# ###
######.....#.#...#......#..# #.
##...##.....................####.
#...............§§..........##.#.
#..............§.§§..............
.).............§§§§§.............
)##...........@§@§§§.....##......
###...#.......§§§§§§....###......
###............§.#§.....###.....†
#...............####....##.......
##...............###......#....#.
................###...........##.
...............# #...###...#.....
...............# #.⌠.# #...#.....
...............###...###.#.......


You could see Joseph.

Vanquished Creatures
  A hornet (D:5)
  Eustachio (D:4)
  A steam dragon (D:6)
  Duvessa (D:6)
  2 ice beasts (D:7)
  3 sky beasts
  2 ogres
  4 centaurs
  2 kobold brigands (D:7)
  2 necrophages (D:5)
  8 wights (D:7)
  2 scorpions
  Dowan (D:6)
  An orc priest (D:4)
  4 hounds
  4 jellies
  Ijyb (D:4)
  3 iguanas
  6 orc wizards
  A mummy (Ossuary)
  19 gnolls
  5 adders
  A shadow imp (D:6)
  A white imp (D:7)
  4 worms
  3 dart slugs
  37 orcs
  A spectral bat (Ossuary)
  5 ball pythons
  8 bats
  10 endoplasms
  2 giant cockroaches
  10 goblins
  5 hobgoblins
  A quokka (D:4)
  5 bat simulacra (Ossuary)
  2 frilled lizards (D:1)
  12 gnoll zombies (Ossuary)
  6 goblin simulacra (Ossuary)
  4 goblin zombies (Ossuary)
  3 hobgoblin zombies (Ossuary)
  14 kobolds
  3 kobold simulacra (Ossuary)
  6 kobold zombies (Ossuary)
  5 orc zombies (Ossuary)
  12 rats
  A rat simulacrum (Ossuary)
  6 spectral goblins (Ossuary)
  4 spectral kobolds (Ossuary)
  3 spectral rats (Ossuary)
248 creatures vanquished.

Vanquished Creatures (collateral kills)
  An orc (D:7)
1 creature vanquished.

Grand Total: 249 creatures vanquished

Notes
Turn   | Place    | Note
-------+----------+-------------------------------------------
     0 | D:1      | cheesebisquit the Gargoyle Earth Elementalist began the
                  | quest for the Orb.
     0 | D:1      | Reached XP level 1. HP: 10/10 MP: 3/3
    60 | D:1      | Found a large runed translucent door.
    60 | D:1      | Found a large runed translucent door.
   174 | D:1      | Reached skill level 4 in Earth Magic
   174 | D:1      | Reached XP level 2. HP: 15/15 MP: 1/5
   238 | D:1      | Found a faded altar of an unknown god.
   739 | D:1      | Reached XP level 3. HP: 19/19 MP: 4/6
  1338 | D:2      | Learned a level 3 spell: Stone Arrow
  1943 | D:3      | Found a runed translucent gate.
  1943 | D:3      | Found a runed translucent gate.
  1943 | D:3      | Found a runed translucent gate.
  1943 | D:3      | Noticed AverageBear's ghost (amateur FoFi)
  2397 | D:3      | Reached XP level 4. HP: 24/24 MP: 3/8
  2491 | D:3      | Reached skill level 1 in Conjurations
  2679 | D:3      | Reached skill level 1 in Maces & Flails
  3260 | D:3      | Found Muudar's Book Emporium.
  4044 | D:1      | Found a faded altar of an unknown god.
  4099 | D:1      | Reached XP level 5. HP: 28/28 MP: 9/9
  4136 | D:1      | Reached skill level 5 in Earth Magic
  4829 | D:1      | Reached XP level 6. HP: 28/32 MP: 11/11
  5228 | D:4      | Found a shadowy altar of Dithmenos.
  5476 | D:4      | Noticed Ijyb
  5820 | D:4      | Found a glowing silver altar of Zin.
  6190 | D:4      | Reached XP level 7. HP: 36/36 MP: 12/12
  6273 | D:4      | Found an ancient bone altar of Kikubaaqudgha.
  6276 | D:4      | Found a blossoming altar of Fedhas.
  6337 | D:4      | Reached skill level 6 in Earth Magic
  6396 | D:4      | Found a sparkling altar of Nemelex Xobeh.
  6503 | D:4      | Found a large runed translucent door.
  6503 | D:4      | Found a large runed translucent door.
  6507 | D:4      | Noticed TehGamerNoob's ghost (amateur TrGl)
  6556 | D:4      | Noticed a moth of wrath
  6556 | D:4      | Noticed Eustachio
  6580 | D:4      | Killed Eustachio
  6628 | D:4      | Found a bloodstained altar of Trog.
  6742 | D:4      | Killed Ijyb
  7188 | D:5      | Entered Level 5 of the Dungeon
  7212 | D:5      | Reached XP level 8. HP: 33/41 MP: 13/14
  7311 | D:5      | Noticed a hornet
  7318 | D:5      | Killed a hornet
  7319 | D:5      | Reached skill level 7 in Earth Magic
  7569 | D:5      | Reached skill level 5 in Spellcasting
  7679 | D:5      | Found a sacrificial altar of Ru.
  7769 | D:5      | Reached skill level 5 in Conjurations
  8164 | D:5      | Found a stormy altar of Qazlal.
  8176 | D:5      | Noticed an air elemental
  8176 | D:5      | Noticed a water elemental
  8780 | D:6      | Noticed Duvessa
  8780 | D:6      | Noticed Dowan
  9090 | D:6      | Reached skill level 5 in Maces & Flails
  9113 | D:6      | Killed Duvessa
  9114 | D:6      | Reached XP level 9. HP: 42/45 MP: 17/17
  9116 | D:6      | Killed Dowan
  9117 | D:6      | Reached skill level 8 in Earth Magic
  9395 | D:6      | Found an opulent altar of Gozag.
  9401 | D:6      | Found an opulent altar of Gozag.
  9405 | D:6      | Found an opulent altar of Gozag.
  9418 | D:6      | Found an opulent altar of Gozag.
  9609 | D:7      | Noticed Joseph
 10078 | D:7      | Found a staircase to the Ecumenical Temple.
 10096 | D:7      | Reached skill level 9 in Earth Magic
 10123 | D:7      | Found a sand-covered staircase.
 10130 | Ossuary  | Entered an ossuary
 11002 | D:7      | Reached XP level 10. HP: 50/50 MP: 20/20
 11068 | D:7      | Shot with a sling bullet by Joseph

Illustrated notes

Levels and vault maps discovered:
D:1:      erik_arrival_cave_to_civilisation [erik_arrival_cave_to_temple],
          layout_rooms, hellmonk_ecumenical_altar_lost_god, glass_columns_c
D:2:      layout_basic
D:3:      layout_loops_corners, serial_shops, nicolae_diamond_shop,
          gammafunk_ghost_split, minmay_bisected
D:4:      layout_loops_ring, grunt_temple_overflow_growth_and_decay, tgw_trog,
          mainiacjoe_overflow_paths, mainiacjoe_overflow_brackets,
          mainiacjoe_overflow_concentric_impassable,
          ebering_ghost_disaster_area, amcnicky_mini_pool_small,
          amethyst_killhole, uniq_ijyb, uniq_eustachio
D:5:      layout_basic, nicolae_qazlal_style_of_elements, hangedman_ru_absence
D:6:      layout_rooms, nicolae_gozag_conspicuous_consumption, uniq_duvessa
D:7:      layout_cave_pools, minmay_temple_entry_junction,
          chequers_ossuary_entry_cave, uniq_joseph

Skill      XL: |  1  2  3  4  5  6  7  8  9 |
---------------+----------------------------+-----
Earth Magic    | 4 5 6 7 9 |  9.3
Conjurations   | 1 2 3 4 5 7 |  7.2
Maces & Flails | 1 2 3 5 6 |  6.5
Spellcasting   | 3 4 5 6 |  6.7
Dodging        | |  1.5
Stealth        | |  2.1
Transmutations | |  0.7

Action                   |  1- 3 |  4- 6 |  7- 9 | 10-12 || total
-------------------------+-------+-------+-------+-------++-------
Melee: Club              |    10 |       |       |       ||    10
       Dagger            |     1 |       |       |       ||     1
       Unarmed           |       |       |     7 |       ||     7
Throw: Boomerang         |       |       |     2 |       ||     2
 Cast: Sandblast         |    55 |   111 |   272 |     3 ||   441
Evoke: Wand              |       |       |     5 |       ||     5
  Use: Scroll            |     2 |    11 |     7 |     1 ||    21
       Potion            |       |       |     7 |       ||     7
Armor: Robe              |    18 |    19 |    37 |       ||    74
       Steam dragon scal |       |       |    57 |     1 ||    58
       Skin              |       |       |    26 |       ||    26
Dodge: Dodged            |    21 |    27 |    95 |     3 ||   146
